 Dungeon Crawl Stone Soup version 0.27-a0-1319-geec4fb4e21 (webtiles) character file.

Game seed: 7051407998519709232

8554 bilbop the Covert (level 11, -3/66 HPs)
             Began as a Kobold Summoner on June 21, 2021.
             Was a Priest of Yredelemnul.
             Slain by an orc warrior (7 damage)
             ... on level 10 of the Dungeon.
             The game lasted 01:24:14 (15538 turns).

bilbop the Covert (Kobold Summoner)                Turns: 15538, Time: 01:24:15

Health: -3/66      AC: 11    Str:  6    XL:     11   Next: 58%
Magic:  22/29      EV: 18    Int: 18    God:    Yredelemnul [***...]
Gold:   265        SH:  6    Dex: 17    Spells: 17/23 levels left

rFire    + . .     SeeInvis .   a - +3 short sword (drain)
rCold    . . .     Faith    .   i - +0 buckler
rNeg     + + .     Spirit   .   A - +5 leather armour of Dutoni {rF+ rN+ Will+}
rPois    .         Reflect  .   (no helmet)
rElec    .         Harm     .   (no cloak)
rCorr    .         Rampage  .   (no gloves)
Will     +....                  O - +2 pair of boots {Fly}
Stlth    +++++.....             (no amulet)
HPRegen  0.21/turn              o - ring of positive energy
MPRegen  0.21/turn              w - ring of magical power

@: about to teleport, flying
A: small, no large weapons, nightstalker 3
a: Renounce Religion, Recall Undead Slaves, Injury Mirror, Animate Dead


You were on level 10 of the Dungeon.
You worshipped Yredelemnul.
Yredelemnul was most pleased with you.
You visited 2 branches of the dungeon, and saw 11 of its levels.
You also visited: Sewer.

You collected 490 gold pieces.
You spent 225 gold pieces at shops.

Inventory:

Hand Weapons
 a - a +3 short sword of draining (weapon)
 b - a +3 dagger of electrocution
 s - a +0 hand crossbow
 u - a +0 dagger
 v - a +0 short sword
 P - a +2 dagger of chaos
Missiles
 d - 6 atropa-tipped darts
 t - 73 bolts
 y - 4 throwing nets
 M - 2 curare-tipped darts
Armour
 c - a +0 robe
 i - a +0 buckler (worn)
 x - a +0 pair of boots
 A - the +5 leather armour of Dutoni (worn) {rF+ rN+ Will+}
   (You found it on level 5 of the Dungeon)

   It protects you from fire.
   It protects you from negative energy.
   It increases your willpower.
 O - a +2 pair of boots of flying (worn)
 Q - a +2 robe of willpower
Jewellery
 o - a ring of positive energy (left hand)
 w - a ring of magical power (right hand)
 D - a ring of fire
 H - an amulet of guardian spirit
 L - a ring of protection from cold
Wands
 m - a wand of digging (9)
 C - a wand of iceblast (24)
 K - a wand of flame (21)
 S - a wand of paralysis (10)
 U - a wand of mindburst (14)
Scrolls
 e - 5 scrolls of fog
 g - 2 scrolls of magic mapping
 j - a scroll of amnesia {unknown}
 k - a scroll of enchant armour
 p - 4 scrolls of teleportation
 B - a scroll of torment {unknown}
 E - 2 scrolls of acquirement {unknown}
 F - a scroll of identify
 G - a scroll of enchant weapon
 R - a scroll of immolation {unknown}
Potions
 f - a potion of resistance {unknown}
 h - 4 potions of flight
 l - a potion of heal wounds
 n - 3 potions of haste {unknown}
 q - 3 potions of brilliance
 r - 4 potions of curing
 z - 2 potions of attraction {unknown}
 I - a potion of mutation {unknown}
 J - 2 potions of might {unknown}
 N - a potion of magic {unknown}
 T - a potion of lignification {unknown}


   Skills:
 + Level 6.6 Fighting
 + Level 8.1 Short Blades
 + Level 7.9 Dodging
 + Level 9.2 Stealth
 + Level 4.8 Shields
 + Level 6.5 Spellcasting
 + Level 7.5 Summonings
 + Level 5.8 Invocations


You had 17 spell levels left.
You knew the following spells:

 Your Spells              Type           Power      Damage    Failure   Level
a - Summon Small Mammal   Summ           100%       N/A       1%          1
b - Call Imp              Summ           32%        N/A       1%          2
c - Call Canine Familiar  Summ           32%        N/A       2%          3

Your spell library contained the following spells:

 Spells                   Type           Power      Damage    Failure   Level
 Summon Guardian Golem    Hex/Summ       19%        N/A       12%         3
 Summon Ice Beast         Ice/Summ       19%        N/A       38%         4
 Summon Lightning Spire   Summ/Air       19%        N/A       38%         4


Dungeon Overview and Level Annotations

Branches:
Dungeon (10/15)            Temple (1/1) D:4            Lair (0/6) D:8
  Sewer (visited)
    Orc: D:9-12

Altars:
Ashenzari
Cheibriados
Dithmenos
Elyvilon
Fedhas
Gozag
Hepliaklqana
Kikubaaqudgha
Makhleb
Nemelex Xobeh
Okawaru
Qazlal
Ru
Sif Muna
Trog
Uskayaw
Vehumet
Wu Jian
Xom
Yredelemnul
Zin
The Shining One

Shops:
D:5 [

Annotations:
D:4 1 runed translucent door, Crazy Yiuf
D:8 3 runed translucent doors, pokeman's ghost, novice DEWz
D:9 3 runed translucent doors, dickylongcocking's ghost, novice OpTm


Innate Abilities, Weirdness & Mutations

You are small and have problems with some larger weapons.
You are completely attuned to the shadows.


Message History

Casting: Call Imp (safe; 1% risk of failure)
Confirm with . or Enter, or press ? or * to list all spells.
The orc hits you but does no damage.
The orc warrior hits you with a +0 war axe.
You block the orc's attack. The orc hits you but does no damage.
Your hound bites the orc.
Your yak zombie gores the orc warrior but does no damage.
The orc warrior hits you with a +0 war axe!
The orc warrior hits your yak zombie with a +0 war axe!
The orc hits your yak zombie with a +0 club.
Your +3 dagger of electrocution stops crackling.
You sense an unholy aura.
a - a +3 short sword of draining (weapon)
The orc hits you but does no damage.
Your hound bites the orc.
You block the orc warrior's attack.
The orc warrior hits your orc warrior zombie with a +0 war axe.
Your orc warrior zombie is destroyed!
The orc warrior hits your yak zombie with a +0 war axe!
Your yak zombie is destroyed!
You hit the orc warrior but do no damage.
The orc warrior is heavily wounded.
Your hound bites the orc but does no damage.
The orc warrior hits you with a +0 war axe!
The orc closely misses your hound.
You barely miss the orc warrior.
The orc warrior is heavily wounded.
Your hound barely misses the orc.
The orc warrior misses you.
You hit the orc warrior but do no damage.
The orc warrior is heavily wounded.
Your hound bites the orc but does no damage.
You block the orc's attack. The orc barely misses your hound.
The orc warrior hits you with a +0 war axe!!
* * * LOW HITPOINT WARNING * * *
As you read the scroll of teleportation, it crumbles to dust.
You feel strangely unstable.
Your hound bites the orc.
The orc dies!
Yredelemnul accepts your kill.
The orc warrior hits you with a +0 war axe!
You die...
Your body rises from the dead as a mindless zombie.

#...)......#5.......##
#..........#........#
#..........#........#
#..........#........#
...........#.....)..#
........#........#
....).........####
...h)oo.#######
.....@).# .......#
.......# #####.## #.#


You could see an orc warrior (berserk), an orc and a friendly hound (summoned).

Vanquished Creatures
  A two-headed ogre (D:10)
  2 kobold demonologists (D:7)
  A troll (D:7)
  Grinder (D:6)
  10 yaks
  2 steam dragons
  3 vampire mosquitoes (D:10)
  Eustachio (D:5)
  A warg (D:8)
  A water moccasin (D:6)
  Duvessa (D:6)
  2 orc warriors
  An ice beast (D:5)
  2 ogres
  2 phantoms
  3 kobold brigands (D:7)
  A scorpion (D:6)
  2 bullfrogs
  A water moccasin skeleton (D:6)
  2 wights (D:9)
  4 centaur zombies
  4 gnoll shamans
  3 hounds
  2 jellies
  3 bullfrog skeletons
  4 orc priests
  Jessica (D:3)
  2 iguanas
  3 orc wizards
  A howler monkey skeleton (D:5)
  2 adders (D:6)
  11 gnolls
  A shadow imp (D:5)
  2 white imps
  An ufetubus (D:7)
  3 worms
  5 dart slugs
  16 orcs
  8 ball pythons
  8 endoplasms
  4 goblins
  3 hobgoblins
  5 jackals (D:3)
  11 kobolds
  3 quokkas
  5 bats
  7 frilled lizards
  3 rats
165 creatures vanquished.

Vanquished Creatures (collateral kills)
  Harold (D:7)
  Psyche (D:8)
  A troll (D:9)
  Sigmund (D:4)
  3 yaks (D:10)
  A steam dragon (D:8)
  A vampire mosquito (D:10)
  Menkaure (D:5)
  Edmund (D:4)
  A warg (D:8)
  2 water moccasins
  An orc warrior (D:10)
  A black bear (D:6)
  An ogre (D:5)
  A phantom (D:5)
  5 kobold brigands
  A scorpion (D:5)
  Dowan (D:6)
  2 wyvern skeletons
  2 wights (D:9)
  A bullfrog skeleton (D:7)
  An orc priest (D:8)
  Ijyb (D:3)
  4 orc wizards
  9 gnolls
  An adder (D:3)
  2 worms (D:4)
  2 dart slugs
  13 orcs
  4 ball pythons
  3 endoplasms
  A giant cockroach (D:3)
  3 goblins
  A hobgoblin (D:3)
  A jackal (D:3)
  14 kobolds
  3 bats
  3 rats
96 creatures vanquished.

Vanquished Creatures (others)
  A howler monkey (D:8)
  4 vampire mosquito zombies (D:10)
  A human skeleton (D:7)
  2 orcs (D:5)
  A human zombie (D:8)
  13 orc zombies
  An elf zombie (D:6)
  A gnoll zombie (D:7)
  7 kobold zombies
  5 yak zombies
  A fungus (Sewer)
  13 plants
50 creatures vanquished.

Grand Total: 311 creatures vanquished

Notes
Turn   | Place    | Note
-------+----------+-------------------------------------------
     0 | D:1      | bilbop the Kobold Summoner began the quest for the Orb.
     0 | D:1      | Reached XP level 1. HP: 10/10 MP: 3/3
   323 | D:1      | Reached XP level 2. HP: 16/16 MP: 5/5
   395 | D:1      | Reached skill level 3 in Stealth
  1070 | D:1      | Reached XP level 3. HP: 20/20 MP: 6/6
  1073 | D:1      | Learned a level 2 spell: Call Imp
  1293 | D:1      | Reached skill level 1 in Short Blades
  1303 | D:1      | Reached skill level 1 in Fighting
  2253 | D:2      | Found a faded altar of an unknown god.
  2734 | D:3      | Reached XP level 4. HP: 25/25 MP: 2/7
  3181 | D:3      | Noticed Ijyb
  3196 | D:3      | Killed Ijyb
  3435 | D:3      | Reached XP level 5. HP: 20/29 MP: 6/9
  3542 | D:3      | Noticed Jessica
  3559 | D:3      | Killed Jessica
  3752 | D:3      | Noticed an ogre
  3761 | D:3      | Killed an ogre
  3762 | D:3      | Reached skill level 4 in Stealth
  3762 | D:3      | Reached skill level 1 in Shields
  3762 | D:3      | Reached XP level 6. HP: 35/35 MP: 7/10
  4415 | D:4      | Found a glowing drain.
  4439 | Sewer    | Entered a sewer
  5163 | Sewer    | Reached XP level 7. HP: 21/40 MP: 1/12
  5408 | D:4      | Noticed Edmund
  5422 | D:4      | Killed Edmund
  5705 | D:4      | Noticed Sigmund
  5719 | D:4      | Killed Sigmund
  5720 | D:4      | Reached skill level 5 in Stealth
  6036 | D:4      | Found a runed translucent door.
  6039 | D:4      | Noticed Crazy Yiuf
  6174 | D:4      | Found a staircase to the Ecumenical Temple.
  6180 | Temple   | Entered the Ecumenical Temple
  6363 | Temple   | Became a worshipper of Yredelemnul the Dark
  6464 | D:5      | Entered Level 5 of the Dungeon
  6464 | D:5      | Found a white marble altar of Elyvilon.
  6519 | D:5      | Reached skill level 5 in Summonings
  6614 | D:5      | Noticed a water moccasin
  7029 | D:5      | Reached XP level 8. HP: 46/46 MP: 13/13
  7034 | D:5      | Learned a level 3 spell: Call Canine Familiar
  7073 | D:5      | Found Ogye's Antique Armour Shoppe.
  7131 | D:5      | Noticed Menkaure
  7223 | D:5      | Identified the +5 leather armour of Dutoni {rF+ rN+ Will+}
  7275 | D:5      | Killed Menkaure
  7276 | D:5      | Reached skill level 1 in Invocations
  7611 | D:5      | Noticed Eustachio
  7616 | D:5      | Killed Eustachio
  7617 | D:5      | Reached skill level 5 in Dodging
  8077 | D:5      | Found a snail-covered altar of Cheibriados.
  8341 | D:6      | Reached skill level 6 in Stealth
  8477 | D:6      | Reached XP level 9. HP: 52/52 MP: 15/15
  8562 | D:6      | Reached skill level 5 in Short Blades
  8673 | D:6      | Noticed Grinder
  8677 | D:6      | Killed Grinder
  8719 | D:6      | Noticed Duvessa
  8723 | D:6      | Killed Duvessa
  8724 | D:6      | Noticed Dowan
  8731 | D:6      | Killed Dowan
  8743 | D:6      | Reached * piety under Yredelemnul
  8969 | D:6      | Your ally Dowan died
  9329 | D:6      | Reached skill level 7 in Stealth
  9399 | D:6      | Found a hide-covered altar of Uskayaw.
  9511 | D:7      | Noticed a troll
  9638 | D:7      | Noticed Harold
  9657 | D:7      | Killed Harold
  9658 | D:7      | Reached skill level 5 in Fighting
  9658 | D:7      | Reached skill level 5 in Spellcasting
  9658 | D:7      | Reached XP level 10. HP: 14/59 MP: 15/17
 10152 | D:7      | Noticed a kobold demonologist
 10173 | D:7      | Your ally Harold died
 10179 | D:7      | Noticed a kobold demonologist
 10696 | D:7      | Killed a kobold demonologist
 10747 | D:7      | Killed a kobold demonologist
 11202 | D:7      | Reached skill level 8 in Stealth
 11878 | D:5      | Bought a pair of runed boots for 225 gold pieces
 12116 | D:8      | Reached ** piety under Yredelemnul
 12147 | D:8      | Noticed Psyche
 12162 | D:8      | Killed Psyche
 12277 | D:8      | Found a runed translucent gate.
 12278 | D:8      | Found a runed translucent gate.
 12279 | D:8      | Found a runed translucent gate.
 12279 | D:8      | Noticed pokeman's ghost (novice DEWz)
 12279 | D:8      | Noticed an 11-headed hydra
 12499 | D:8      | Your ally Psyche died
 12704 | D:8      | Found a staircase to the Lair.
 12811 | D:8      | Found a shadowy altar of Dithmenos.
 13340 | D:9      | Reached skill level 5 in Invocations
 13690 | D:9      | Reached XP level 11. HP: 63/64 MP: 19/19
 13804 | D:9      | Found a runed translucent gate.
 13804 | D:9      | Found a runed translucent gate.
 13805 | D:9      | Found a runed translucent gate.
 13806 | D:9      | Noticed dickylongcocking's ghost (novice OpTm)
 14669 | D:10     | Entered Level 10 of the Dungeon
 15110 | D:10     | Reached skill level 9 in Stealth
 15233 | D:10     | Noticed a two-headed ogre
 15237 | D:10     | Killed a two-headed ogre
 15349 | D:10     | Reached *** piety under Yredelemnul
 15538 | D:10     | Slain by an orc warrior

Illustrated notes

Levels and vault maps discovered:
D:1:      dpeg_cavernosity, layout_basic
D:2:      cheibrodos_old_hovel, layout_basic, basic_ecumenical_altar
D:3:      layout_rooms, uniq_ijyb, uniq_jessica
D:4:      layout_rooms, minmay_temple_entry_slanted, portal_sewer_entry_a,
          uniq_crazy_yiuf_cottage, uniq_sigmund, uniq_edmund
D:5:      layout_basic, lemuel_crystal_altar, cheibrodos_worm_habitat,
          serial_shops, nicolae_shop_statue_plus, uniq_menkaure, uniq_eustachio
D:6:      layout_basic, kennysheep_little_box, uniq_duvessa, uniq_grinder
D:7:      layout_loops_corners, minmay_microvault, uniq_harold
D:8:      layout_loops_cross, grunt_dithmenos_smoke, erik_lair_orcish_takeover,
          gammafunk_ghost_hydra_chop, uniq_psyche
D:9:      layout_loops_ring, serial_glass, glass_columns_a, glass_columns_a,
          glass_columns_a, glass_columns_a, glass_columns_a, glass_columns_a,
          glass_columns_c, glass_columns_b, gammafunk_ghost_nasty_kobolds,
          grunt_ministairs_12, minmay_crystal_water
D:10:     layout_basic, nrook_loot_triangle, minmay_tree_intersection
Temple:   eino_narrow_crystal_temple

Skill      XL: |  1  2  3  4  5  6  7  8  9 10 11 |
---------------+----------------------------------+-----
Stealth        | 3 4 5 6 7 8 9 |  9.2
Short Blades   | 1 2 3 4 6 7 8 |  8.1
Fighting       | 1 2 3 5 6 |  6.6
Dodging        | 3 4 5 6 7 |  7.9
Shields        | 1 2 3 4 |  4.8
Spellcasting   | 3 4 5 6 |  6.5
Summonings     | 5 6 7 |  7.5
Invocations    | 2 3 5 |  5.8

Action                   |  1- 3 |  4- 6 |  7- 9 | 10-12 || total
-------------------------+-------+-------+-------+-------++-------
Melee: Long sword        |    26 |       |       |       ||    26
       Dagger            |    59 |    99 |    55 |   197 ||   410
       Short sword       |       |    62 |   105 |   173 ||   340
 Cast: Summon Small Mamm |    11 |     1 |       |       ||    12
       Call Imp          |    12 |    48 |    53 |    65 ||   178
       Call Canine Famil |       |       |    14 |    41 ||    55
Invok: Animate Remains   |       |       |     8 |    30 ||    38
       Animate Dead      |       |       |       |     1 ||     1
  Use: Scroll            |     3 |       |     6 |     7 ||    16
       Potion            |       |     1 |     1 |       ||     2
 Stab: Sleeping          |    21 |    15 |    21 |     9 ||    66
       Distracted        |     2 |       |     3 |     3 ||     8
Armor: Robe              |     4 |    20 |     1 |       ||    25
       Leather armour    |       |       |    39 |   101 ||   140
Dodge: Dodged            |    54 |   122 |   131 |   250 ||   557
Block: Buckler           |     2 |    43 |    44 |   109 ||   198
       Rpst.: Long sword |     8 |       |       |       ||     8

Table legend: (Time is in decaauts)
 A = Elapsed time spent in this place.
 B = Non-inter-level travel time spent in this place.
 C = Inter-level travel time spent in this place.
 D = Time resting spent in this place.
 E = Time spent auto-exploring this place.
 F = Levels seen in this place.
 G = Mean time per level.
                   A        B        C        D        E       F      G
               +--------+--------+--------+--------+--------+-----+--------+
         Total |  15484 |  14762 |    722 |   3274 |   8579 |  12 | 1290.3 |
       Dungeon |  14257 |  13563 |    694 |   2815 |   8352 |  10 | 1425.7 |
        Temple |    199 |    171 |     28 |      0 |    169 |   1 |  199.0 |
         Sewer |   1027 |   1027 |      0 |    459 |     58 |   1 | 1027.0 |
               +--------+--------+--------+--------+--------+-----+--------+

Top non-repeatable levels by time:
     D:7: 1863 daAuts
     D:1: 1719 daAuts
     D:6: 1717 daAuts
     D:5: 1567 daAuts
     D:4: 1562 daAuts
     D:9: 1418 daAuts
     D:3: 1377 daAuts
     D:8: 1183 daAuts
   Sewer: 1027 daAuts
     D:2: 1007 daAuts
    D:10: 841 daAuts
  Temple: 199 daAuts
